 Dungeon Crawl Stone Soup version 0.23-a0-550-g7de1f8e (webtiles) character file.

12 Dfrag the Firebug (level 2, 0/22 HPs)
             Began as a Naga Fire Elementalist on Dec 8, 2018.
             Shot with a stone by a goblin (2 damage)
             ... on level 2 of the Dungeon.
             The game lasted 00:01:15 (754 turns).

Dfrag the Firebug (Naga Fire Elementalist)           Turns: 754, Time: 00:01:17

Health: 0/22       AC:  1    Str: 10    XL:     2   Next: 33%
Magic:  5/5        EV: 10    Int: 15    God:
Gold:   120        SH:  0    Dex: 11    Spells: 4/5 levels left

rFire    . . .     SeeInvis +   (no weapon)
rCold    . . .     Gourm    .   (no shield)
rNeg     . . .     Faith    .   a - +0 robe
rPois    +         Spirit   .   (no helmet)
rElec    .         Reflect  .   (no cloak)
rCorr    .         Harm     .   (no gloves)
MR       .....                  (no barding)
Stlth    ++........             (no amulet)
HPRegen  0.07/turn              (no ring)
MPRegen  0.09/turn              (no ring)

@: very slow
A: large, see invisible, deformed body, poison resistance, slowness 2, slow
metabolism 1, spit poison 1, AC +0
a: Spit Poison


You were on level 2 of the Dungeon.
You were not hungry.

You visited 1 branch of the dungeon, and saw 2 of its levels.

You collected 120 gold pieces.

Inventory:

Armour
 a - a +0 robe (worn)
Jewellery
 h - an uncursed ring of fire {unknown}
 j - an uncursed amulet of magic regeneration {unknown}
Scrolls
 b - 2 scrolls of identify {unknown}
Potions
 d - a potion of lignification {unknown}
 e - a potion of flight {unknown}
 f - a potion of curing {unknown}
 g - a potion of ambrosia {unknown}
Comestibles
 c - 3 rations
 i - 2 chunks of flesh


   Skills:
 - Level 1.5 Dodging
 - Level 3.0 Stealth
 + Level 2.2 Spellcasting
 + Level 1.0 Conjurations
 + Level 3.5 Fire Magic


You had 4 spell levels left.
You knew the following spells:

 Your Spells              Type           Power        Failure   Level  Hunger
a - Flame Tongue          Conj/Fire      #....        9%          1    #......

Your spell library contained the following spells:

 Spells                   Type           Power        Failure   Level  Hunger
 Throw Flame              Conj/Fire      #.....       13%         2    ###....
 Conjure Flame            Conj/Fire      #.......     26%         3    ###....
 Inner Flame              Hex/Fire       #.......     32%         3    ###....
 Sticky Flame             Conj/Fire      #.......     63%         4    #####..
 Fireball                 Conj/Fire      #.........   93%         5    ######.


Dungeon Overview and Level Annotations

Branches:
Dungeon (2/15)

Altars:


Innate Abilities, Weirdness & Mutations

You cannot wear boots.
Your serpentine skin is tough. (AC +0)
You have supernaturally acute eyesight. (SInv)
Armour fits poorly on your strangely shaped body.
Your system is resistant to poisons. (rPois)
You cover ground very slowly.
You have a slow metabolism.
You can spit poison.


Message History

Unknown command.
Casting: Flame Tongue (safe; 9% risk of failure)
Confirm with . or Enter, or press ? or * to list all spells.
You can't see any susceptible monsters within range! (Use Z to cast anyway.) Unknown command.
You have got your breath back.
As you open the door, it creaks loudly!
A goblin comes into view. It is wielding a +0 dagger.
The goblin shouts!
A jackal comes into view. x2
There are monsters nearby!
There are monsters nearby!
There are monsters nearby!
The jackal barks!
The goblin unwields a +0 dagger.
The goblin wields a +0 hunting sling of freezing.
It is covered in frost.
The goblin shoots a stone.
The stone hits you!
* * * LOW HITPOINT WARNING * * *
The stone freezes you.
You die...

.# #######.## .# #.#
.#### #.# ....# ##+##
....# ##...## ....#
##.....## ..###
##.......## .##
...####.........###hh...
......'.........@..g.h..
...####.........###....#
..## ##.......## ... .##
##†....## # .. ##...## #
##+##


You could see 3 jackals and a goblin.

Vanquished Creatures
  A worm (D:2)
  4 hobgoblins (D:1)
  2 bats (D:1)
  3 rats
10 creatures vanquished.

Notes
Turn   | Place    | Note
-------+----------+-------------------------------------------
     0 | D:1      | Dfrag the Naga Fire Elementalist began the quest for the
                  | Orb.
     0 | D:1      | Reached XP level 1. HP: 15/15 MP: 3/3
   536 | D:1      | Reached XP level 2. HP: 22/22 MP: 5/5
   754 | D:2      | Shot with a stone by a goblin

Vault maps used:
D:1:      psy_arrival_terrarium
D:2:      grunt_ministairs_10, nicolae_qazlal_general_emergency

Action                   || total
-------------------------++-------
 Cast: Flame Tongue      ||     9
 Abil: Spit Poison       ||     7
Armor: Robe              ||     2
Dodge: Dodged            ||     1

Table legend:
 A = Non-vault XP
 B = Vault XP
 C = Vault XP percentage of total XP
 D = Non-vault monster count
 E = Vault monster count
 F = Vault count percentage of total count
                 A         B        C        D         E       F
            +---------+---------+-------+---------+---------+-------
      Total |      18 |       0 |   0.0 |      10 |       0 |   0.0
            +---------+---------+-------+---------+---------+-------
        D:1 |      11 |       0 |   0.0 |       7 |       0 |   0.0
        D:2 |       7 |       0 |   0.0 |       3 |       0 |   0.0
            +---------+---------+-------+---------+---------+-------
